 Dungeon Crawl Stone Soup version 0.20-a0-16-g0876c8e (webtiles) character file.

235 KristoblXynda the Charlatan (level 5, -7/25 HPs)
             Began as a Spriggan Artificer on Nov 3, 2016.
             Mangled by an orc
             ... wielding a +0 flail
              (13 damage)
             ... on level 3 of the Dungeon.
             The game lasted 00:06:10 (3634 turns).

KristoblXynda the Charlatan (Spriggan Artificer)    Turns: 3634, Time: 00:06:11

Health: -7/25      AC:  4    Str:  8    XL:     5   Next: 76%
Magic:  10/10      EV: 18    Int: 14    God:
Gold:   172        SH:  0    Dex: 16    Spells: 1 memorised, 1 level left

rFire  . . .     SeeInvis +     u - +0 dagger (vamp)
rCold  . . .     Gourm    .     b - +0 robe
rNeg   . . .     Faith    .     (shield restricted)
rPois  .         Spirit   .     (helmet restricted)
rElec  .         Reflect  .     j - +1 cloak
rCorr  .         Harm     .     (gloves unavailable)
MR     .....                    (boots unavailable)
Stlth  +++.......               (no amulet)
                                (no ring)
                                (no ring)

@: very quick
A: unfitting armour, see invisible, herbivore 3, speed 3, slow metabolism 2
a: no special abilities


You were on level 3 of the Dungeon.
You were not hungry.

You visited 1 branch of the dungeon, and saw 3 of its levels.

You collected 172 gold pieces.

Inventory:

Hand Weapons
 u - a +0 vampiric dagger (weapon)
Armour
 b - a +0 robe (worn)
 j - a +1 cloak (worn)
Wands
 c - a wand of flame (0/48)
 d - a wand of enslavement (15/24)
 e - a wand of random effects (10/48)
Scrolls
 g - a scroll of remove curse
 o - 2 scrolls of teleportation
 p - a scroll of magic mapping
Potions
 i - a potion of flight {unknown}
 l - a potion of curing {unknown}
 r - a potion of heal wounds {unknown}
 s - 2 potions of berserk rage {unknown}
 t - a potion of cancellation
Books
 a - a book of Misfortune

   Spells                             Type                      Level
   a - Confusing Touch                Hexes                        1
   b - Confuse                        Hexes                        3
   c - Gell's Gravitas                Hexes/Translocation          3
   d - Petrify                        Transmutation/Earth          4
   e - Metabolic Englaciation         Hexes/Ice                    5
   f - Yara's Violent Unravelling     Hexes/Transmutation          5
Comestibles
 f - 2 bread rations


   Skills:
 - Level 1.0 Fighting
 + Level 3.3 Short Blades
 - Level 3.0 Dodging
 + Level 5.3 Stealth
 + Level 6.1 Evocations


You had one spell level left.
You knew the following spells:

 Your Spells              Type           Power        Failure   Level  Hunger
a - Confuse               Hex            #.......     83%         3    ####...


Dungeon Overview and Level Annotations

Branches:
Dungeon (3/15)

Altars:
Nemelex Xobeh
Trog


Innate Abilities, Weirdness & Mutations

You are very small and have problems with some larger weapons.
You are too small for most types of armour.
You have supernaturally acute eyesight. (SInv)
You are a herbivore.
You cover ground extremely quickly.
You need consume almost no food.


Message History

The orc barely misses you.
You hit the orc but do no damage.
The orc is almost dead.
The orc hits you with a flail.
* * * LOW HITPOINT WARNING * * *
You barely miss the orc.
The orc is almost dead.
You closely miss the orc.
The orc is almost dead.
The orc misses you.
You barely miss the orc.
The orc is almost dead.
The orc closely misses you.
You hit the orc but do no damage.
The orc is almost dead.
You closely miss the orc.
The orc is almost dead.
The orc hits you with a flail!
Ouch! That really hurt!
You die...

*#.##.........## #..###
##...
#..)....÷..⌠.⌠####...###
##.. ###........._..#
###...### ##.
#.÷......⌠.⌠.## ###...#
###
#.............########.#
##.. #.........#.......#
#.# ##...
#.........##.#....# #.#
#....
#..†......##.#....#
#.###....
#<........##.@o...#
#........
#.........####....#
######... #....(....#
*....# ##... ##.......##
*....# #.... ##.....##
*##### #.... #######
#.... ##... ##.. ###


You could see an orc.

Vanquished Creatures
  An ogre (D:3)
  2 orc wizards (D:3)
  2 adders
  4 dart slugs
  5 orcs (D:3)
  3 giant cockroaches
  11 goblins
  5 hobgoblins
  6 jackals
  6 kobolds
  6 bats
  4 frilled lizards
  8 rats
63 creatures vanquished.

Vanquished Creatures (others)
  An orc (D:3)
1 creature vanquished.

Grand Total: 64 creatures vanquished

Notes
Turn   | Place    | Note
-------+----------+-------------------------------------------
     0 | D:1      | KristoblXynda the Spriggan Artificer began the quest for the Orb.
     0 | D:1      | Reached XP level 1. HP: 9/9 MP: 4/4
   285 | D:1      | Reached XP level 2. HP: 11/14 MP: 6/6
   297 | D:1      | Reached skill level 1 in Fighting
   856 | D:1      | Reached XP level 3. HP: 13/18 MP: 7/7
  1486 | D:2      | Reached skill level 5 in Evocations
  2486 | D:3      | Reached XP level 4. HP: 17/22 MP: 8/8
  3081 | D:3      | Reached XP level 5. HP: 19/25 MP: 10/10
  3299 | D:3      | Found a bloodstained altar of Trog.
  3369 | D:3      | Found a sparkling altar of Nemelex Xobeh.
  3372 | D:3      | Noticed an ogre
  3383 | D:3      | Killed an ogre
  3383 | D:3      | Reached skill level 5 in Stealth
  3383 | D:3      | Reached skill level 6 in Evocations
  3410 | D:3      | Learned a level 3 spell: Confuse
  3634 | D:3      | Mangled by an orc

Vault maps used:
D:1:      lightli_arrival_noodles
D:2:      minmay_crystal_room
D:3:      lightli_temple_of_fire, first_bread, serial_park_tiny_pond,
          nemelex_xobeh_ov_fountains_minmay

Skill      XL: |  1  2  3  4  5 |
---------------+----------------+-----
Stealth        | 2 3 4 5 |  5.3
Fighting       | 1 |  1.0
Evocations     | 5 6 |  6.1
Short Blades   | 2 3 |  3.3
Dodging        | |  3.0

Action                   |  1- 3 |  4- 6 || total
-------------------------+-------+-------++-------
Melee: Short sword       |   163 |    45 ||   208
       Dagger            |       |   112 ||   112
Evoke: Wand              |     7 |    13 ||    20
  Use: Scroll            |       |     7 ||     7
 Stab: Sleeping          |     8 |     2 ||    10
  Eat: Bread ration      |       |     1 ||     1
       Pizza             |       |     1 ||     1
Armor: Robe              |    26 |    13 ||    39
Dodge: Dodged            |   141 |   113 ||   254
